 Dungeon Crawl Stone Soup version 0.29.1-1-gd02db6906a (webtiles) character file.

Game seed: 18304000931728855715

232 Hadkhar the Shield-Bearer (level 6, -2/51 HPs)
             Began as a Formicid Fighter on Sept 29, 2022.
             Slain by a manticore (10 damage)
             ... on level 12 of the Dungeon.
             The game lasted 00:15:46 (3643 turns).

Hadkhar the Shield-Bearer (Formicid Fighter)        Turns: 3643, Time: 00:15:47

Health: -2/51      AC:  8    Str: 22    XL:     6   Next: 25%
Magic:  6/6        EV:  9    Int:  8    God:
Gold:   149        SH:  5    Dex: 13    Spells: 5/5 levels left

rFire   . . .      SeeInvis +   a - +0 flail
rCold   . . .      Faith    .   c - +0 buckler
rNeg    . . .      Spirit   .   b - +0 scale mail
rPois   .          Reflect  .   (helmet unavailable)
rElec   .          Harm     .   q - +0 cloak
rCorr   .          Rampage  .   (no gloves)
Will    .....                   (no boots)
Stlth   ..........              (no amulet)
HPRegen 0.17/turn               (no ring)
MPRegen 0.10/turn               (no ring)

@: no status effects
A: permanent stasis, dig shafts and tunnels, antennae 3, four strong arms
a: Dig, Shaft Self


You were on level 12 of the Dungeon.
You visited 1 branch of the dungeon, and saw 8 of its levels.

You collected 149 gold pieces.

Inventory:

Hand Weapons
 a - a +0 flail (weapon)
Missiles
 k - 3 javelins
 n - 2 boomerangs (quivered)
Armour
 b - a +0 scale mail (worn)
 c - a +0 buckler (worn)
 q - a +0 cloak (worn)
Scrolls
 e - a scroll of poison {unknown}
 g - 2 scrolls of noise {unknown}
 i - 4 scrolls of identify {unknown}
 m - 2 scrolls of amnesia {unknown}
 o - a scroll of fear {unknown}
 p - a scroll of butterflies {unknown}
 r - a scroll of teleportation {unknown}
 s - a scroll of torment {unknown}
 t - a scroll of immolation {unknown}
Potions
 d - a potion of might
 f - 2 potions of cancellation {unknown}
 h - a potion of resistance {unknown}
 j - a potion of curing {unknown}
 l - a potion of lignification {unknown}
 u - a potion of heal wounds {unknown}


   Skills:
 * Level 5.0 Fighting
 + Level 3.2 Maces & Flails
 + Level 4.4 Armour
 + Level 5.3 Shields


You had 5 spell levels left.
You didn't know any spells.
Your spell library contained the following spells:

 Spells                   Type           Power      Damage    Failure   Level
 Scorch                   Fire           0%         2d5       90%         2
 Flame Wave               Conj/Fire      0%         2d4       100%        4
 Summon Cactus Giant      Summ           0%         N/A       100%        6


Dungeon Overview and Level Annotations

Branches:
Dungeon (12/15)
 Temple: D:4-7         Lair: D:8-11         Orc: D:9-12

Altars:
Wu Jian

Shops:
D:7 [

Annotations:
D:3 1 runed translucent door, balagan2's ghost, amateur GnFE
D:4 Dowan; Duvessa; Menkaure


Innate Abilities, Weirdness & Mutations

You cannot be hasted, slowed, berserked, paralysed or teleported.
You can dig through walls and to a lower floor.
You have a pair of large antennae on your head. (SInv)
Your four strong arms can wield two-handed weapons with a shield.


Message History

Found a crooked smoking staff.
m - 2 scrolls labelled HOWAGOED AHETTE (gained 1)
You see here a staff of conjuration.
Found a fizzy clear potion.
You enter the shallow water.
Moving in this stuff is going to be slow.
A manticore comes into view.
Found a stone staircase leading down.
Press: ? - help, . - travel You can't see that place.
A wraith comes into view.
You block the manticore's attack.
The manticore claws you but does no damage. x2
The manticore bites you!!
The manticore claws you but does no damage.
The manticore claws you!
There is a stone staircase leading down, spattered with blood here.
The manticore bites you. The manticore claws you.
* * * LOW HITPOINT WARNING * * *
The manticore claws you.
* * * LOW HITPOINT WARNING * * *
You climb downwards.
There is a stone staircase leading up here.
You sock the manticore!
The manticore is lightly wounded.
You block the manticore's attack.
The manticore claws you but does no damage. x2
You hit the manticore.
The manticore is lightly wounded.
You block the manticore's attack. The manticore claws you.
* * * LOW HITPOINT WARNING * * *
The manticore claws you.
* * * LOW HITPOINT WARNING * * *
You sock the manticore!
The manticore is moderately wounded.
The manticore barely misses you.
The manticore claws you but does no damage. x2
The manticore barely misses you. You block the manticore's attack.
The manticore claws you!
You die...

#.....#
#.....#
#.....#
#.....#
#.....#
#.....#
#H....#
#@....#
#.....#
#.....#
#.....#
#######
{{


You could see a manticore.

Vanquished Creatures
  A phantom (D:4)
  A lemure (D:4)
  A jelly (D:7)
  An orc priest (D:3)
  An orc wizard (D:3)
  A white imp (D:7)
  10 orcs
  3 endoplasms
  2 giant cockroaches (D:2)
  2 goblins
  9 hobgoblins
  3 quokkas (D:1)
  4 ball pythons
  3 frilled lizards
  8 kobolds
  5 rats
55 creatures vanquished.

Vanquished Creatures (others)
  31 plants (D:4)
31 creatures vanquished.

Grand Total: 86 creatures vanquished

Notes
Turn   | Place    | Note
-------+----------+-------------------------------------------
     0 | D:1      | Hadkhar the Formicid Fighter began the quest for the Orb.
     0 | D:1      | Reached XP level 1. HP: 18/18 MP: 1/1
   402 | D:1      | Reached XP level 2. HP: 20/24 MP: 2/2
  1104 | D:2      | Reached XP level 3. HP: 29/29 MP: 3/3
  1768 | D:2      | Found a faded altar of an unknown god.
  1893 | D:3      | Reached XP level 4. HP: 30/37 MP: 4/4
  2033 | D:3      | Found a runed translucent door.
  2069 | D:3      | Noticed balagan2's ghost (amateur GnFE)
  2136 | D:3      | Found an ornate altar of the Wu Jian Council.
  2181 | D:3      | Reached XP level 5. HP: 38/42 MP: 5/5
  2412 | D:4      | Noticed a lemure
  2412 | D:4      | Noticed a lemure
  2412 | D:4      | Noticed a lemure
  2441 | D:4      | Killed a lemure
  2554 | D:4      | Noticed a phantom
  2571 | D:4      | Killed a phantom
  2572 | D:4      | Reached skill level 5 in Shields
  2572 | D:4      | Reached XP level 6. HP: 32/49 MP: 6/6
  2689 | D:4      | Noticed Menkaure
  2724 | D:4      | Noticed Duvessa
  2724 | D:4      | Noticed Dowan
  2737 | D:4      | You fall into a shaft and drop 3 floors!
  3141 | D:7      | Reached skill level 5 in Fighting
  3189 | D:7      | Found Hadad's Dragon-Slaying Spoils.
  3232 | D:7      | Noticed an ogre
  3304 | D:7      | You fall into a shaft and drop 3 floors!
  3304 | D:10     | Entered Level 10 of the Dungeon
  3307 | D:10     | Noticed a vampire mosquito
  3307 | D:10     | Noticed a vampire mosquito
  3307 | D:10     | Noticed a vampire mosquito
  3308 | D:10     | Noticed a wraith
  3314 | D:10     | HP: 2/51 [vampire mosquito (7)]
  3315 | D:10     | You fall into a shaft and drop 1 floor!
  3631 | D:11     | Noticed a manticore
  3637 | D:11     | Noticed a wraith
  3643 | D:12     | Slain by a manticore

Illustrated notes

Levels and vault maps discovered:
D:1:      dpeg_arrival_stone_temple_mockup, layout_basic
D:2:      layout_loops_ring, hellmonk_ecumenical_altar_defaced_shrine,
          serial_bayou_pond_c
D:3:      layout_rooms, nzn_wu_jian_contemplation, mainiacjoe_overflow_alcove_4,
          gammafunk_temple_overflow_wave, ebering_ghost_reflecting_pool,
          uniq_crazy_yiuf_cottage
D:4:      kennysheep_kobold_camp, layout_gridville, uniq_menkaure, uniq_duvessa,
          uniq_pikel
D:7:      nzn_winding_woodlands_medium [nzn_winding_woodlands_hourglass,
          nzn_winding_woodlands_5x15_default,
          nzn_winding_woodlands_5x5_perimeter, nzn_winding_woodlands_5x5_cross,
          nzn_winding_woodlands_center_pierced_h,
          nzn_winding_woodlands_5x5_three, nzn_winding_woodlands_5x5_default,
          nzn_winding_woodlands_5x15_sidewinder,
          nzn_winding_woodlands_5x5_open_star], layout_basic, serial_shops,
          nicolae_shop_statue_plus, nrook_pool_corridor,
          nicolae_shop_dragon_depot, uniq_maggie
D:10:     layout_roguey, lemuel_doored_altar, nicolae_uskayaw_suspiria,
          enter_bailey_5
D:11:     layout_basic
D:12:     layout_stronghold, zombieorc1_lemuel, fiery_altar_vehumet, uniq_snorg

Skill      XL: |  1  2  3  4  5  6 |
---------------+-------------------+-----
Fighting       | 4 5 |  5.0
Armour         | 4 |  4.4
Maces & Flails | 3 |  3.2
Shields        | 5 |  5.3

Action                   |  1- 3 |  4- 6 || total
-------------------------+-------+-------++-------
Melee: Flail             |   112 |    99 ||   211
 Abil: Shaft Self        |       |     3 ||     3
Armor: Scale mail        |    34 |    40 ||    74
Dodge: Dodged            |    46 |    47 ||    93
Block: Buckler           |    20 |    25 ||    45
